 Dungeon Crawl Stone Soup version 0.28-a0-1429-gf3d713df7a (webtiles) character file.

Game seed: 15981171777662003989

3633 karrick the Basher (level 10, -17/63 HPs)
             Began as a Gargoyle Fighter on Jan 9, 2022.
             Was a Follower of Okawaru.
             Demolished by a komodo dragon (21 damage)
             ... on level 7 of the Dungeon.
             The game lasted 00:11:27 (9321 turns).

karrick the Basher (Gargoyle Fighter)               Turns: 9321, Time: 00:11:27

Health: -17/63     AC: 18    Str: 24 (26) XL:     10   Next: 11%
Magic:  12/12      EV: 10    Int:  7 (9)  God:    Okawaru [*.....]
Gold:   244        SH:  5    Dex: 11 (13) Spells: 9/9 levels left

rFire   . . .      SeeInvis .   n - +7 mace
rCold   . . .      Faith    .   c - +0 buckler
rNeg    + . .      Spirit   .   b - +0 scale mail
rPois   ∞          Reflect  .   (no helmet)
rElec   +          Harm     .   o - +0 cloak
rCorr   .          Rampage  .   l - +1 pair of gloves
Will    .....                   (no boots)
Stlth   ..........              (no amulet)
HPRegen 0.20/turn               t - +6 ring of strength
MPRegen 0.13/turn               (no ring)

@: studying Invocations
A: sickness immunity, AC +7, negative energy resistance 1, electricity
resistance, torment resistance 1, petrification resistance
a: Renounce Religion, Heroism


You were on level 7 of the Dungeon.
You worshipped Okawaru.
Okawaru was aware of your devotion.
You visited 2 branches of the dungeon, and saw 9 of its levels.

You collected 433 gold pieces.
You spent 189 gold pieces at shops.

Inventory:

Hand Weapons
 a - a +1 vampiric hand axe
 d - a +1 war axe
 n - a +7 mace (weapon)
 x - a +1 broad axe of flaming
 A - a +2 vorpal war axe
Missiles
 j - 2 silver javelins (quivered)
 w - 3 boomerangs
Armour
 b - a +0 scale mail (worn)
 c - a +0 buckler (worn)
 l - a +1 pair of gloves (worn)
 o - a +0 cloak (worn)
 B - a +0 chain mail of willpower
Jewellery
 t - a +6 ring of strength (left hand)
Wands
 y - a wand of paralysis (11)
Scrolls
 f - 5 scrolls of fog {unknown}
 g - 2 scrolls of enchant weapon {unknown}
 h - 11 scrolls of identify {unknown}
 m - a scroll of enchant armour {unknown}
 p - 4 scrolls of teleportation {unknown}
 q - a scroll of vulnerability {unknown}
 u - a scroll of amnesia {unknown}
 v - a scroll of summoning {unknown}
 C - a scroll of immolation {unknown}
Potions
 e - a potion of mutation {unknown}
 i - 2 potions of haste {unknown}
 k - 3 potions of degeneration
 r - 3 potions of curing {unknown}
 s - 2 potions of lignification {unknown}
 z - a potion of magic {unknown}


   Skills:
 + Level 7.4 Fighting
 + Level 9.8 Maces & Flails
 + Level 7.3 Armour
 + Level 2.7 Dodging
 + Level 2.0 Stealth
 + Level 5.4 Shields
 * Level 3.0 Invocations


You had 9 spell levels left.
You didn't know any spells.
Your spell library contained the following spells:

 Spells                   Type           Power      Damage    Failure   Level
 Foxfire                  Conj/Fire      0%         2x1d4     80%         1
 Pain                     Necr           0%         1d4       80%         1
 Ensorcelled Hibernation  Hex/Ice        0%         N/A       90%         2
 Conjure Flame            Conj/Fire      0%         6-21      99%         3
 Frozen Ramparts          Ice            0%         1d2       99%         3
 Inner Flame              Hex/Fire       0%         N/A       99%         3
 Ozocubu's Armour         Ice            0%         N/A       99%         3
 Vampiric Draining        Necr           0%         2d6       99%         3
 Flame Wave               Conj/Fire      0%         2d4       100%        4
 Ice Form                 Ice/Tmut       0%         N/A       100%        4
 Enfeeble                 Hex            0%         N/A       100%        7
 Ozocubu's Refrigeration  Ice            0%         4d5       100%        7
 Animate Skeleton         Necr           Unusable   N/A       N/A         1
 Tukima's Dance           Hex            Unusable   N/A       N/A         3
 Summon Ice Beast         Ice/Summ       Unusable   N/A       N/A         4

Dungeon Overview and Level Annotations

Branches:
Dungeon (8/15)             Temple (1/1) D:7            Lair (0/6) D:8

Altars:
Ashenzari
Cheibriados
Dithmenos
Elyvilon
Fedhas
Gozag
Hepliaklqana
Kikubaaqudgha
Makhleb
Nemelex Xobeh
Okawaru
Qazlal
Ru
Trog
Uskayaw
Vehumet
Xom
Yredelemnul
Zin

Shops:
D:5 *   D:7 (   D:8 !*


Innate Abilities, Weirdness & Mutations

You are immune to sickness and miasma.
Your stone body is resilient. (AC +7)
You are immune to poison.
You resist negative energy. (rN+)
You are resistant to electric shocks. (rElec)
You are resistant to unholy torment.
You are immune to petrification.


Message History

You thump the komodo dragon!
The komodo dragon is moderately wounded.
The komodo dragon bites you but does no damage.
You sock the komodo dragon!
The komodo dragon is heavily wounded.
The komodo dragon bites you!!
The steam dragon bites you but does no damage.
The steam dragon closely misses you.
The komodo dragon completely misses you.
You block the komodo dragon's attack.
There is a stone staircase leading down here.
The steam dragon breathes steam at you. The ball of steam hits you.
The komodo dragon bites you!
You hear an angry growl.
You are engulfed in a cloud of scalding steam.
The komodo dragon is engulfed in a cloud of scalding steam.
There is a stone staircase leading up here.
You are engulfed in a cloud of scalding steam.
* * * LOW HITPOINT WARNING * * *
You climb upwards.
There is a stone staircase leading down here.
Okay, then.
Okay, then.
Aiming: Paralyse
Press: ? - help, Shift-Dir - straight line, f - komodo dragon
Aim: a komodo dragon (severely wounded, chance to affect: 31%)
Okay, then.
The komodo dragon barely misses you.
You closely miss the komodo dragon.
The komodo dragon is severely wounded.
The komodo dragon bites you!
* * * LOW HITPOINT WARNING * * *
It was a potion of degeneration.
There was something very wrong with that liquid.
You feel weakened.
You feel dopey.
You feel clumsy. The komodo dragon barely misses you.
You sock the komodo dragon!
The komodo dragon is severely wounded.
The komodo dragon bites you!!
You die...

######### #.......#
#.......# #.......#
#.......# #.......#
#...>...# ######
#..l@...#
.....########.......#
.............###+####
.............#.....#
.............#.....#
.............#.....#
.............#.....#
#######'######.....#
....#..............#


You could see a komodo dragon.

Vanquished Creatures
  Prince Ribbit (D:7)
  A slime creature (D:7)
  A yak (D:8)
  Edmund (D:5)
  A water moccasin (D:8)
  2 ice beasts (D:6)
  An orc warrior (D:6)
  4 sky beasts
  2 black bears
  A phantom (D:5)
  An ogre (D:4)
  2 kobold brigands (D:8)
  A scorpion (D:6)
  2 bullfrogs (D:8)
  A wyvern skeleton (D:6)
  A water moccasin skeleton (D:5)
  7 wights
  2 howler monkeys
  A bullfrog zombie (D:6)
  2 centaur zombies
  4 jellies
  3 orc priests
  2 hounds
  3 bullfrog skeletons
  Crazy Yiuf (D:3)
  7 orc wizards
  Natasha (thrice) (D:2)
  4 iguanas
  A killer bee zombie (D:8)
  3 hound skeletons (D:4)
  4 adders
  A gnoll (D:5)
  A howler monkey skeleton (D:6)
  2 shadow imps (D:5)
  A white imp (D:4)
  2 ufetubi
  2 worms (D:2)
  2 dart slugs (D:3)
  31 orcs
  6 endoplasms
  A giant cockroach (D:1)
  6 goblins
  5 hobgoblins
  20 jackals
  12 kobolds
  A quokka (D:3)
  5 ball pythons
  10 bats
  4 frilled lizards
  A jackal skeleton (D:4)
  6 rats
189 creatures vanquished.

Vanquished Creatures (others)
  27 fungi (D:8)
  31 plants (D:8)
58 creatures vanquished.

Grand Total: 247 creatures vanquished

Notes
Turn   | Place    | Note
-------+----------+-------------------------------------------
     0 | D:1      | karrick the Gargoyle Fighter began the quest for the Orb.
     0 | D:1      | Reached XP level 1. HP: 14/14 MP: 1/1
   467 | D:1      | Reached XP level 2. HP: 19/19 MP: 2/2
  1676 | D:2      | Reached XP level 3. HP: 17/23 MP: 3/3
  1755 | D:2      | Noticed Natasha
  1759 | D:2      | Killed Natasha
  1760 | D:2      | Reached skill level 3 in Maces & Flails
  1791 | D:2      | Noticed Natasha
  1797 | D:2      | Killed Natasha
  1798 | D:2      | Reached XP level 4. HP: 23/29 MP: 4/4
  2282 | D:2      | Found a faded altar of an unknown god.
  2359 | D:2      | Noticed Natasha
  2364 | D:2      | Killed Natasha
  2365 | D:2      | Reached XP level 5. HP: 32/33 MP: 5/5
  3132 | D:3      | Found a runed translucent door.
  3133 | D:3      | Noticed Crazy Yiuf
  3378 | D:3      | Found a shimmering altar of Xom.
  3535 | D:3      | Reached skill level 4 in Maces & Flails
  3995 | D:3      | Killed Crazy Yiuf
  3996 | D:3      | Reached skill level 1 in Dodging
  3996 | D:3      | Reached XP level 6. HP: 6/38 MP: 3/6
  4294 | D:4      | Found a white marble altar of Elyvilon.
  4746 | D:4      | Reached skill level 5 in Maces & Flails
  4809 | D:4      | Reached XP level 7. HP: 39/43 MP: 7/7
  4996 | D:4      | Found a sparkling altar of Nemelex Xobeh.
  5386 | D:4      | Reached skill level 6 in Maces & Flails
  5395 | D:4      | Reached skill level 5 in Armour
  5615 | D:4      | Found a burning altar of Makhleb.
  5616 | D:4      | Found a hazy altar of Hepliaklqana.
  5618 | D:4      | Found a broken altar of Ashenzari.
  5619 | D:4      | Found a blossoming altar of Fedhas.
  5620 | D:4      | Found a hide-covered altar of Uskayaw.
  5649 | D:5      | Entered Level 5 of the Dungeon
  5827 | D:5      | Reached XP level 8. HP: 48/48 MP: 8/8
  6199 | D:5      | Reached skill level 5 in Fighting
  6299 | D:5      | Found Neoff's Assorted Antiques.
  6316 | D:5      | Reached skill level 7 in Maces & Flails
  6321 | D:5      | HP: 2/49 [acid (2)]
  7048 | D:6      | Noticed Edmund
  7069 | D:5      | Killed Edmund
  7351 | D:6      | Reached skill level 8 in Maces & Flails
  7364 | D:6      | Reached XP level 9. HP: 24/55 MP: 9/9
  7541 | D:6      | Found a basalt altar of Yredelemnul.
  7831 | D:6      | Found Soxynn's Hallowed Reliquary.
  7836 | D:6      | Noticed an angel
  8025 | D:7      | Found Xuidwel's Antique Weapon Shoppe.
  8144 | D:7      | Reached skill level 5 in Shields
  8353 | D:7      | Noticed Prince Ribbit
  8373 | D:7      | Killed Prince Ribbit
  8374 | D:7      | Reached skill level 9 in Maces & Flails
  8374 | D:7      | Reached skill level 1 in Stealth
  8555 | D:7      | Bought a runed broad axe for 189 gold pieces
  8877 | D:7      | Found a staircase to the Ecumenical Temple.
  8980 | Temple   | Entered the Ecumenical Temple
  9064 | Temple   | Became a worshipper of Warmaster Okawaru
  9137 | D:8      | Reached skill level 1 in Invocations
  9160 | D:8      | Reached XP level 10. HP: 59/63 MP: 9/11
  9174 | D:8      | Reached * piety under Okawaru
  9277 | D:8      | Found a staircase to the Lair.
  9285 | D:8      | Found Mearimoi's Assorted Antiques.
  9287 | D:8      | Found Omixtim's Distillery.
  9319 | D:7      | HP: 3/63 [komodo dragon (15)]
  9321 | D:7      | Demolished by a komodo dragon

Illustrated notes

Levels and vault maps discovered:
D:1:      erik_arrival_cave_to_civilisation [erik_arrival_cave_to_hall],
          layout_basic
D:2:      layout_basic, ebering_ecumenical_altar_sacrificial, uniq_natasha
D:3:      layout_basic, mainiacjoe_overflow_24_doors, uniq_crazy_yiuf_cottage
D:4:      layout_rooms, minitemple, mainiacjoe_overflow_tiny_flanked,
          minmay_bisected
D:5:      layout_basic, serial_shops, kennysheep_little_box,
          minmay_quadrilaterals
D:6:      layout_rooms, amcnicky_altar_gilded, nicolae_good_shop, uniq_edmund
D:7:      layout_gridville, minmay_temple_entry_enclosed_plants, serial_shops,
          nicolae_stop_n_shop_1, minmay_manual_monstrance, uniq_prince_ribbit1
D:8:      layout_cave_pools, mainiacjoe_overflow_surrounded_room,
          due_lair_maze_entry_diamond, serial_shops, shop, shop,
          nicolae_lakefront_shop, nicolae_shop_crystal, minmay_three_doors
Temple:   eino_temple_lava

Skill      XL: |  1  2  3  4  5  6  7  8  9 10 |
---------------+-------------------------------+-----
Maces & Flails | 3 4 5 6 8 9 |  9.8
Armour         | 4 5 6 7 |  7.3
Fighting       | 4 5 7 |  7.4
Dodging        | 1 2 |  2.7
Shields        | 4 5 |  5.4
Stealth        | 1 2 |  2.0
Invocations    | 2 3 |  3.0

Action                   |  1- 3 |  4- 6 |  7- 9 | 10-12 || total
-------------------------+-------+-------+-------+-------++-------
Melee: Flail             |    81 |   267 |    65 |       ||   413
       Mace              |       |       |   298 |    24 ||   322
Throw: Javelin           |       |       |     1 |       ||     1
  Use: Potion            |       |       |     8 |     1 ||     9
Armor: Scale mail        |    51 |   168 |   161 |    13 ||   393
Dodge: Dodged            |    34 |   162 |   135 |    15 ||   346
Block: Buckler           |    17 |    74 |    83 |     3 ||   177

Table legend: (Time is in decaauts)
 A = Elapsed time spent in this place.
 B = Non-inter-level travel time spent in this place.
 C = Inter-level travel time spent in this place.
 D = Time resting spent in this place.
 E = Time spent auto-exploring this place.
 F = Levels seen in this place.
 G = Mean time per level.
                   A        B        C        D        E       F      G
               +--------+--------+--------+--------+--------+-----+--------+
         Total |   9462 |   9140 |    322 |    176 |   7439 |   9 | 1051.3 |
       Dungeon |   9371 |   9066 |    305 |    176 |   7370 |   8 | 1171.4 |
        Temple |     91 |     74 |     17 |      0 |     69 |   1 |   91.0 |
               +--------+--------+--------+--------+--------+-----+--------+

Top non-repeatable levels by time:
     D:1: 1685 daAuts
     D:5: 1656 daAuts
     D:3: 1517 daAuts
     D:4: 1403 daAuts
     D:2: 1155 daAuts
     D:7: 944 daAuts
     D:6: 778 daAuts
     D:8: 230 daAuts
  Temple: 91 daAuts
